cohdb
Replays
Latest Replays
All Replays
Popular Replays
Top Player Replays
Match Explorer
How It Works
Community
CoH3 Stats
Reddit
Sign in to upload your games and track your stats! →
Sign in with Steam
Match 47185676
Unlisted
Match 47185676
Overview
Messages
Build Orders
End
Royal Engineer Section
Construct Section Command Post
Infantry Section
Dingo Light Scout Car
Infantry Section
Construct Platoon Command Post
Humber Armored Car
6-pounder Anti-tank Gun Team
Grenade Package
Construct Field Infirmary
Infantry Section
Construct Company Command Post
Selects Heavy Armor Battlegroup
Selects Rigorous Vehicle Training
Selects Forward Repair Assembly
Selects Light Vehicle Withdraw and Refit
Selects UNKNOWN (2162094)
Selects Radio Net
Vickers Machine Gun Team
Churchill IV Heavy Tank
Infantry Training
Pickelhaube Enthusiast
Willaguy
0
0
Comments
sign in to comment!
No comments posted yet!